| TOP OF THE 1ST |
|
Detroit Tigers batting - Pitching for Texas Rangers : RHP Tim Leary
|
|
Pitching: RHP Tim Leary
|
|
|
Batting: SHB Lee Mazzilli
|
0-0: Ball 1-0: Fly out, F8 (Flyball, 8LD, EV 98.8 MPH)
|
|
Batting: RHB Rusty Tillman
|
0-0: Ball 1-0: Ball 2-0: Called Strike 2-1: Swinging Strike 2-2: Strikes out swinging
|
|
Batting: SHB Tony Phillips
|
0-0: Ball 1-0: Foul Ball, location: 2F 1-1: Ball 2-1: Swinging Strike 2-2: Foul Ball, location: 2F 2-2: Fly out, F8 (Flyball, 8LXD, EV 101.9 MPH)
|
| Top of the 1st over - 0 runs, 0 hits, 0 errors, 0 left on base; Detroit 0 - Texas 0 |
| BOTTOM OF THE 1ST |
|
Texas Rangers batting - Pitching for Detroit Tigers : LHP Dave McNally
|
|
Pitching: LHP Dave McNally
|
|
|
Batting: LHB Lenny Dykstra
|
0-0: Ball 1-0: Reached on error, E6 (Groundball, 56, EV 88.1 MPH)
|
|
Batting: RHB Juan Rodriguez
|
0-0: Called Strike 0-1: Ground out 4-3 (Groundball, 4MS, EV 69.4 MPH) Lenny Dykstra to second
|
|
Batting: LHB Jody Helser
|
0-0: Called Strike 0-1: Swinging Strike 0-2: Ground out 4-3 (Groundball, 34D, EV 105.6 MPH) Lenny Dykstra to third
|
|
Batting: RHB Steve Garvey
|
0-0: Called Strike 0-1: Foul Ball, location: 2F 0-2: Ball 1-2: Ball 2-2: Ground out 6-3 (Groundball, 6, EV 88.1 MPH)
|
| Bottom of the 1st over - 0 runs, 0 hits, 1 error, 1 left on base; Detroit 0 - Texas 0 |
| TOP OF THE 2ND |
|
Detroit Tigers batting - Pitching for Texas Rangers : RHP Tim Leary
|
|
Batting: LHB Greg Brock
|
0-0: Called Strike 0-1: Ball 1-1: Ball 2-1: Foul Ball, location: 2F 2-2: Ball 3-2: Base on Balls
|
|
Batting: RHB Dave Kingman
|
0-0: Foul Ball, location: 2F 0-1: Ball 1-1: Swinging Strike 1-2: Ball 2-2: Fly out, F6 (Flyball, 56D, EV 91.3 MPH)
|
|
Batting: RHB Larry Parrish
|
0-0: Ball 1-0: SINGLE (Flyball, 34D, EV 89.4 MPH) Greg Brock to second Runner from 2nd tries for 3rd, OUT! 9-5
|
|
Batting: LHB Larry Harlow
|
0-0: Ball 1-0: Called Strike 1-1: Ball 2-1: SINGLE (Line Drive, 8LS, EV 105.6 MPH) Larry Parrish to second Runner from 2nd tries for 3rd, SAFE, throw by CF made to third
|
|
Batting: LHB Dan Graham
|
0-0: Ball 1-0: Called Strike 1-1: Swinging Strike 1-2: Foul Ball, location: 2F 1-2: Fly out, F9 (Flyball, 89S, EV 93.1 MPH)
|
| Top of the 2nd over - 0 runs, 2 hits, 0 errors, 2 left on base; Detroit 0 - Texas 0 |
| BOTTOM OF THE 2ND |
|
Texas Rangers batting - Pitching for Detroit Tigers : LHP Dave McNally
|
|
Batting: RHB Steve Balboni
|
0-0: Called Strike 0-1: Ball 1-1: Ball 2-1: Ground out 4-3 (Groundball, 4D, EV 78.8 MPH)
|
|
Batting: SHB Ron Roenicke
|
0-0: Foul Ball, location: 2F 0-1: Foul Ball, location: 2F 0-2: Foul Ball, location: 2F 0-2: Ball 1-2: Foul Ball, location: 2F 1-2: Ball 2-2: Ball 3-2: SINGLE (Groundball, 6MD, EV 111.3 MPH)
|
|
Batting: LHB Richie Hebner
|
0-0: Ball 1-0: Foul Ball, location: 2F 1-1: Called Strike Ron Roenicke steals 2nd base 1-2: Fly out, F8 (Flyball, 8LD, EV 86.9 MPH)
|
|
Batting: LHB Ernie Whitt
|
0-0: Called Strike 0-1: Ball 1-1: Foul Ball, location: 2F 1-2: Fly out, F7 (Flyball, 78XD, EV 85.6 MPH)
|
| Bottom of the 2nd over - 0 runs, 1 hit, 0 errors, 1 left on base; Detroit 0 - Texas 0 |
| TOP OF THE 3RD |
|
Detroit Tigers batting - Pitching for Texas Rangers : RHP Tim Leary
|
|
Batting: RHB Mike Sproles
|
0-0: Called Strike 0-1: Foul Ball, location: 2F 0-2: Ball 1-2: Foul Ball, location: 2F 1-2: Ball 2-2: Ground out U3 (Groundball, 3L, EV 105.0 MPH)
|
|
Batting: SHB Lee Mazzilli
|
0-0: Called Strike 0-1: Foul Ball, location: 2F 0-2: Ball 1-2: Foul Ball, location: 2F 1-2: Foul Ball, location: 2F 1-2: Fly out, F7 (Flyball, 7D, EV 97.5 MPH)
|
|
Batting: RHB Rusty Tillman
|
0-0: Foul Ball, location: 2F 0-1: Ball 1-1: Foul Ball, location: 2F 1-2: Fly out, F8 (Flyball, 78XD, EV 105.6 MPH)
|
| Top of the 3rd over - 0 runs, 0 hits, 0 errors, 0 left on base; Detroit 0 - Texas 0 |
| BOTTOM OF THE 3RD |
|
Texas Rangers batting - Pitching for Detroit Tigers : LHP Dave McNally
|
|
Batting: RHB Juan Samuel
|
0-0: Ball 1-0: Swinging Strike 1-1: SINGLE (Line Drive, 7LS, EV 98.1 MPH)
|
|
Batting: LHB Lenny Dykstra
|
0-0: Ball 1-0: Called Strike Juan Samuel steals 2nd base 1-1: Called Strike 1-2: Fly out, F8 (Flyball, 78D, EV 94.4 MPH)
|
|
Batting: RHB Juan Rodriguez
|
0-0: Called Strike 0-1: Foul Ball, location: 2F 0-2: Fly out, F9 (Flyball, 89S, EV 88.8 MPH)
|
|
Batting: LHB Jody Helser
|
0-0: Ball 1-0: Called Strike 1-1: Fly out, F7 (Line Drive, 7, EV 90.6 MPH)
|
| Bottom of the 3rd over - 0 runs, 1 hit, 0 errors, 1 left on base; Detroit 0 - Texas 0 |
| TOP OF THE 4TH |
|
Detroit Tigers batting - Pitching for Texas Rangers : RHP Tim Leary
|
|
Batting: SHB Tony Phillips
|
0-0: Ball 1-0: Ball 2-0: Foul Ball, location: 2F 2-1: Foul Ball, location: 2F 2-2: Foul Ball, location: 2F 2-2: Ball 3-2: SINGLE (Groundball, 34D, EV 95.0 MPH)
|
|
Batting: LHB Greg Brock
|
0-0: Ball 1-0: Foul Ball, location: 2F 1-1: Ball Wild Pitch! Tony Phillips to second 2-1: Ball 3-1: SINGLE (Line Drive, 89M, EV 106.9 MPH) Tony Phillips to third
|
|
Batting: RHB Dave Kingman
|
0-0: Ball 1-0: Ball 2-0: Fly out, F7 (Flyball, 78D, EV 88.8 MPH) Runner from 3rd tags up, OUT at HOME! 7-2 Greg Brock to second
|
|
Batting: RHB Larry Parrish
|
0-0: Called Strike 0-1: Ground out 6-3 (Groundball, 6, EV 81.3 MPH)
|
| Top of the 4th over - 0 runs, 2 hits, 0 errors, 1 left on base; Detroit 0 - Texas 0 |
| BOTTOM OF THE 4TH |
|
Texas Rangers batting - Pitching for Detroit Tigers : LHP Dave McNally
|
|
Batting: RHB Steve Garvey
|
0-0: SINGLE (Line Drive, 9LS, EV 102.5 MPH)
|
|
Batting: RHB Steve Balboni
|
0-0: Foul Ball, location: 2F 0-1: Ball 1-1: Fly out, F8 (Flyball, 8LXD, EV 101.9 MPH)
|
|
Batting: SHB Ron Roenicke
|
0-0: Called Strike 0-1: Foul Ball, location: 2F 0-2: Fielders Choice at 2nd, 5-4 (Groundball, 56, EV 100.0 MPH)
|
|
Batting: LHB Richie Hebner
|
0-0: Called Strike 0-1: Ball 1-1: Ground out U3 (Groundball, 3, EV 88.8 MPH)
|
| Bottom of the 4th over - 0 runs, 1 hit, 0 errors, 1 left on base; Detroit 0 - Texas 0 |
| TOP OF THE 5TH |
|
Detroit Tigers batting - Pitching for Texas Rangers : RHP Tim Leary
|
|
Batting: LHB Larry Harlow
|
0-0: Called Strike 0-1: Ball 1-1: SINGLE (Groundball, 56D, EV 97.5 MPH)
|
|
Batting: LHB Dan Graham
|
0-0: Ball Larry Harlow steals 2nd base 1-0: Ball 2-0: Foul Ball, location: 2F 2-1: Swinging Strike 2-2: Fly out, F8 (Flyball, 78D, EV 96.3 MPH)
|
|
Batting: RHB Mike Sproles
|
0-0: Ball 1-0: Called Strike Larry Harlow is caught stealing 3rd base 2-5 1-1: Ball 2-1: Ball 3-1: Ground out 5-3 (Groundball, 56, EV 110.6 MPH)
|
| Top of the 5th over - 0 runs, 1 hit, 0 errors, 0 left on base; Detroit 0 - Texas 0 |
| BOTTOM OF THE 5TH |
|
Texas Rangers batting - Pitching for Detroit Tigers : LHP Dave McNally
|
|
Batting: LHB Ernie Whitt
|
0-0: Foul Ball, location: 2F 0-1: Swinging Strike 0-2: Ball 1-2: Strikes out swinging
|
|
Batting: RHB Juan Samuel
|
0-0: Ball 1-0: Fly out, F9 (Line Drive, 9S, EV 103.1 MPH)
|
|
Batting: LHB Lenny Dykstra
|
0-0: Called Strike 0-1: Swinging Strike 0-2: Strikes out swinging
|
| Bottom of the 5th over - 0 runs, 0 hits, 0 errors, 0 left on base; Detroit 0 - Texas 0 |
| TOP OF THE 6TH |
|
Detroit Tigers batting - Pitching for Texas Rangers : RHP Tim Leary
|
|
Batting: SHB Lee Mazzilli
|
0-0: Foul Ball, location: 2F 0-1: Called Strike 0-2: Ball 1-2: Ball 2-2: Ball 3-2: Base on Balls
|
|
Batting: RHB Rusty Tillman
|
0-0: Swinging Strike 0-1: Ball 1-1: Called Strike 1-2: Ball Lee Mazzilli steals 2nd base 2-2: Foul Ball, location: 2F 2-2: Foul Ball, location: 2F 2-2: Strikes out looking
|
|
Batting: SHB Tony Phillips
|
0-0: Called Strike Lee Mazzilli steals 3rd base 0-1: Called Strike 0-2: Fly out, F7 (Flyball, 7D, EV 105.6 MPH) Runner from 3rd tags up, SCORES, throw by LF
|
|
Batting: LHB Greg Brock
|
0-0: Ball 1-0: SINGLE (Line Drive, 8LS, EV 111.9 MPH)
|
|
Batting: RHB Dave Kingman
|
0-0: Ball 1-0: SINGLE (Groundball, 6MD, EV 98.1 MPH) Greg Brock to second Runner from 2nd tries for 3rd, OUT! 8-5
|
| Top of the 6th over - 1 run, 2 hits, 0 errors, 1 left on base; Detroit 1 - Texas 0 |
| BOTTOM OF THE 6TH |
|
Texas Rangers batting - Pitching for Detroit Tigers : LHP Dave McNally
|
|
Batting: RHB Juan Rodriguez
|
0-0: Called Strike 0-1: Called Strike 0-2: Ball 1-2: Fly out, F4 (Line Drive, 4, EV 61.3 MPH)
|
|
Batting: LHB Jody Helser
|
0-0: Ball 1-0: Fly out, F8 (Flyball, 8LXD, EV 108.8 MPH)
|
|
Batting: RHB Steve Garvey
|
0-0: Fly out, F8 (Flyball, 89D, EV 101.9 MPH)
|
| Bottom of the 6th over - 0 runs, 0 hits, 0 errors, 0 left on base; Detroit 1 - Texas 0 |
| TOP OF THE 7TH |
|
Detroit Tigers batting - Pitching for Texas Rangers : RHP Tim Leary
|
|
Pitching: RHP Ben Hayes
|
|
|
Batting: RHB Larry Parrish
|
0-0: Ball 1-0: Foul Ball, location: 2F 1-1: Ground out 3-1 (Groundball, 34, EV 85.0 MPH)
|
|
Batting: LHB Larry Harlow
|
0-0: SINGLE (Groundball, 6MD, EV 105.6 MPH)
|
|
Batting: LHB Dan Graham
|
0-0: Ball Larry Harlow is caught stealing 2nd base 2-6 1-0: Swinging Strike 1-1: Foul Ball, location: 2F 1-2: Ball 2-2: Strikes out swinging
|
| Top of the 7th over - 0 runs, 1 hit, 0 errors, 0 left on base; Detroit 1 - Texas 0 |
| BOTTOM OF THE 7TH |
|
Texas Rangers batting - Pitching for Detroit Tigers : LHP Dave McNally
|
|
Batting: RHB Steve Balboni
|
0-0: Called Strike 0-1: Ground out 6-3 (Groundball, 56, EV 75.0 MPH)
|
|
Batting: SHB Ron Roenicke
|
0-0: Called Strike 0-1: Ball 1-1: SINGLE (Line Drive, 7LD, EV 103.1 MPH)
|
|
Batting: LHB Richie Hebner
|
0-0: Called Strike 0-1: Ball 1-1: Called Strike 1-2: SINGLE (Line Drive, 9S, EV 98.8 MPH) Ron Roenicke to second Runner from 2nd tries for 3rd, SAFE, throw by RF made to third
|
|
Batting: LHB Ernie Whitt
|
0-0: Swinging Strike 0-1: Foul Ball, location: 2F 0-2: Ball 1-2: Strikes out looking
|
|
Batting: RHB Juan Samuel
|
0-0: Called Strike 0-1: Ball 1-1: Ball 2-1: SINGLE (Line Drive, 89S, EV 105.0 MPH) Ron Roenicke scores Richie Hebner to second Runner from 2nd tries for 3rd, SAFE, throw by RF made to third
|
|
Batting: LHB Lenny Dykstra
|
0-0: Called Strike 0-1: Ground out U3 (Groundball, 3S, EV 83.8 MPH)
|
| Bottom of the 7th over - 1 run, 3 hits, 0 errors, 2 left on base; Detroit 1 - Texas 1 |
| TOP OF THE 8TH |
|
Detroit Tigers batting - Pitching for Texas Rangers : RHP Ben Hayes
|
|
Batting: RHB Mike Sproles
|
0-0: Called Strike 0-1: Ball 1-1: Called Strike 1-2: Ball 2-2: Foul Ball, location: 2F 2-2: Ball 3-2: Ground out 5-3 (Groundball, 5L, EV 102.5 MPH)
|
|
Batting: SHB Lee Mazzilli
|
0-0: SINGLE (Groundball, 4MD, EV 100.6 MPH)
|
|
Batting: RHB Rusty Tillman
|
0-0: Called Strike 0-1: Called Strike 0-2: Strikes out swinging
|
|
Batting: SHB Tony Phillips
|
0-0: Ball 1-0: Called Strike 1-1: Ball Lee Mazzilli steals 2nd base 2-1: Foul Ball, location: 2F 2-2: Strikes out swinging
|
| Top of the 8th over - 0 runs, 1 hit, 0 errors, 1 left on base; Detroit 1 - Texas 1 |
| BOTTOM OF THE 8TH |
|
Texas Rangers batting - Pitching for Detroit Tigers : LHP Dave McNally
|
|
Batting: RHB Juan Rodriguez
|
0-0: Called Strike 0-1: Ground out 5-3 (Groundball, 56, EV 105.6 MPH)
|
|
Batting: LHB Jody Helser
|
0-0: Ball 1-0: Foul Ball, location: 2F 1-1: Foul Ball, location: 2F 1-2: Ball 2-2: SINGLE (Groundball, 34S, EV 65.6 MPH) (infield hit)
|
|
Batting: RHB Steve Garvey
|
0-0: Grounds into double play, 4-6-3 (Groundball, 4, EV 105.0 MPH)
|
| Bottom of the 8th over - 0 runs, 1 hit, 0 errors, 0 left on base; Detroit 1 - Texas 1 |
| TOP OF THE 9TH |
|
Detroit Tigers batting - Pitching for Texas Rangers : RHP Ben Hayes
|
|
Batting: LHB Greg Brock
|
0-0: Ball 1-0: Ball 2-0: SINGLE (Groundball, 4MD, EV 98.1 MPH)
|
|
Batting: RHB Dave Kingman
|
0-0: Called Strike 0-1: Called Strike 0-2: Fly out, F8 (Flyball, 8LXD, EV 86.3 MPH) Runner from 1st tags up, SAFE at 2nd
|
|
Pitching: RHP Kent Tekulve
|
|
|
Batting: RHB Larry Parrish
|
0-0: Ball 1-0: SINGLE (Line Drive, 9LS, EV 109.4 MPH) Greg Brock to third Runner from 3rd tries for Home, throw by RF and OUT! 9-2
|
|
Batting: LHB Larry Harlow
|
0-0: Ball 1-0: Called Strike 1-1: Foul Ball, location: 2F 1-2: SINGLE (Flyball, 6D, EV 88.8 MPH) Larry Parrish to second
|
|
Batting: LHB Dan Graham
|
0-0: Called Strike 0-1: Ball 1-1: Foul Ball, location: 2F 1-2: Foul Ball, location: 2F 1-2: Ball 2-2: Strikes out swinging
|
| Top of the 9th over - 0 runs, 3 hits, 0 errors, 2 left on base; Detroit 1 - Texas 1 |
| BOTTOM OF THE 9TH |
|
Texas Rangers batting - Pitching for Detroit Tigers : LHP Dave McNally
|
|
Batting: RHB Steve Balboni
|
0-0: Ball 1-0: SINGLE (Groundball, 56D, EV 99.4 MPH)
|
|
Batting: SHB Ron Roenicke
|
0-0: Ball 1-0: Bunt - Flyout to 3S! F3
|
|
Batting: LHB Richie Hebner
|
0-0: Ball 1-0: Swinging Strike 1-1: Foul Ball, location: 2F 1-2: Ball 2-2: Strikes out swinging
|
|
Pinch Hitting: RHB Joe Charboneau
|
0-0: Ball 1-0: Ball 2-0: Foul Ball, location: 2F 2-1: Foul Ball, location: 2F 2-2: Ball 3-2: Ground out 5-3 (Groundball, 56, EV 78.8 MPH)
|
| Bottom of the 9th over - 0 runs, 1 hit, 0 errors, 1 left on base; Detroit 1 - Texas 1 |
| TOP OF THE 10TH |
|
Detroit Tigers batting - Pitching for Texas Rangers : RHP Kent Tekulve
|
|
Pitching: RHP Jorge Rivera
|
|
|
Now at C: George Bjorkman
|
|
|
Pinch Hitting: RHB Andre Thornton
|
0-0: Ball 1-0: Ball 2-0: Ball 3-0: Called Strike 3-1: Swinging Strike 3-2: Base on Balls
|
|
Batting: SHB Lee Mazzilli
|
0-0: Called Strike 0-1: Ball 1-1: Ball 2-1: Called Strike 2-2: Foul Ball, location: 2F 2-2: Strikes out swinging
|
|
Batting: RHB Rusty Tillman
|
0-0: Fly out, F7 (Line Drive, 7, EV 90.6 MPH)
|
|
Batting: SHB Tony Phillips
|
0-0: Ball 1-0: Ball 2-0: Ball 3-0: Base on Balls Andre Thornton to second
|
|
Batting: LHB Greg Brock
|
0-0: Foul Ball, location: 2F 0-1: Called Strike 0-2: Ball 1-2: Foul Ball, location: 2F 1-2: Ball 2-2: Ball 3-2: Base on Balls Andre Thornton to third Tony Phillips to second
|
|
Batting: RHB Dave Kingman
|
0-0: Called Strike 0-1: Ball 1-1: Ball 2-1: Ball 3-1: Foul Ball, location: 2F 3-2: Base on Balls Andre Thornton scores Tony Phillips to third Greg Brock to second
|
|
Batting: RHB Larry Parrish
|
0-0: Called Strike 0-1: Foul Ball, location: 2F 0-2: GRAND SLAM HOME RUN (Line Drive, 7LD, EV 100.0 MPH), Distance : 364 ft
|
|
Pitching: RHP Ed Lynch
|
|
|
Batting: LHB Larry Harlow
|
0-0: Called Strike 0-1: Ball 1-1: Swinging Strike 1-2: Ball 2-2: Foul Ball, location: 2F 2-2: Foul Ball, location: 2F 2-2: Ball 3-2: Ground out 5-3 (Groundball, 5, EV 91.3 MPH)
|
| Top of the 10th over - 5 runs, 1 hit, 0 errors, 0 left on base; Detroit 6 - Texas 1 |
| BOTTOM OF THE 10TH |
|
Texas Rangers batting - Pitching for Detroit Tigers : LHP Dave McNally
|
|
Now at 2B: Jose Hidalgo
|
|
|
Batting: RHB Juan Samuel
|
0-0: Called Strike 0-1: Called Strike 0-2: Reached on error, E5 (Groundball, 56S, EV 87.5 MPH)
|
|
Batting: LHB Lenny Dykstra
|
0-0: Called Strike 0-1: Ball 1-1: SINGLE (Line Drive, 8LS, EV 112.5 MPH) Juan Samuel to second
|
|
Batting: RHB Juan Rodriguez
|
0-0: Ball 1-0: Ball 2-0: SINGLE (Groundball, 6MD, EV 95.0 MPH) Juan Samuel to third Lenny Dykstra to second
|
|
Batting: LHB Jody Helser
|
0-0: Grounds into double play, 6-4-3 (Groundball, 6S, EV 88.8 MPH) Juan Samuel scores Lenny Dykstra to third
|
|
Batting: RHB Steve Garvey
|
0-0: Foul Ball, location: 2F 0-1: Foul Ball, location: 2F 0-2: Foul Ball, location: 2F 0-2: Foul Ball, location: 2F 0-2: Foul Ball, location: 2F 0-2: Ball 1-2: 2-RUN HOME RUN (Flyball, 7LD, EV 100.6 MPH), Distance : 349 ft
|
|
Batting: RHB Steve Balboni
|
0-0: Foul Ball, location: 2F 0-1: Foul Ball, location: 2F 0-2: Hit by Pitch
|
|
Batting: SHB Ron Roenicke
|
0-0: Ball 1-0: Ball 2-0: Called Strike 2-1: Called Strike 2-2: Strikes out swinging
|
| Bottom of the 10th over - 3 runs, 3 hits, 1 error, 1 left on base; Detroit 6 - Texas 4 |
|